[Event "*** Titled Tuesday Blitz"]
[Site "Chess.com"]
[Date "2020.05.26"]
[Round "10"]
[White "ljuks68"]
[Black "ThePatrick27"]
[Result "0-1"]
[WhiteElo "2333"]
[BlackElo "2547"]
[TimeControl "180+1"]
[EndTime "12:02:02 PDT"]
[Termination "ThePatrick27 won by resignation"]

1. e4 e5 2. Nf3 Nc6 3. Bb5 a6 4. Ba4 Nf6 5. O-O b5 6. Bb3 Be7 7. Qe2 O-O 8. c3 d6 9. d4 exd4 10. cxd4 Bg4 11. Rd1 d5 12. e5 Ne4 13. h3 Bh5 14. Nc3 Nxc3 15. bxc3 Na5 16. Bc2 Bg6 17.
Bxg6 hxg6 18. e6 f6 19. Qd3 Qe8 20. a4 bxa4 21. Nh4 f5 22. Nf3 Nc4 23. Re1 Rb8 24. Ne5 Nxe5 25. Rxe5 Qc6 26. Ba3 Rfe8 27. Bxe7 Rxe7 28.
Qe3 Rbe8 29. Re1 a3 30. h4 a2 31. h5 Rxe6 32. hxg6 Rxe5 33. dxe5 Qxg6 34. Ra1 f4 35.
Qc1 f3 36. g3 Qf5 37. Rxa2 Rxe5 38. Ra1 Re6 39. Qf1 Rh6 40. Rxa6 Rxa6 41. Qxa6 Qh3 42. Qc8+ Qxc8 0-1

[Event "*** Titled Tuesday Blitz"]
[Site "Chess.com"]
[Date "2020.05.26"]
[Round "10"]
[White "Nafania1"]
[Black "SamuelGhimpu2003"]
[Result "0-1"]
[WhiteElo "2451"]
[BlackElo "2577"]
[TimeControl "180+1"]
[EndTime "12:02:04 PDT"]
[Termination "SamuelGhimpu2003 won by checkmate"]

1. e4 e6 2. d4 d5 3. e5 c5 4. c3 Qb6 5. Nf3 Bd7 6. Be2 cxd4 7. cxd4 Nc6 8. O-O Nge7 9. Nc3 Nf5 10. Na4 Qd8 11. Bg5 Be7 12. Bxe7 Qxe7 13. Rc1 O-O 14. a3 Rac8 15. Bd3 Nfxd4 16. Nxd4 Nxd4 17. Bxh7+ Kxh7 18. Qxd4 Bxa4 19. Qxa4 a6 20. Qd4 Rc7 21. Rc3 Rfc8 22. Rh3+ Kg8 23. Qd3 g6 24. Qd2 Qf8 25. Qg5 Rc2 26.
Rb3 b5 27. h4 Qd8 28. Qg3 Rc1 29. Rxc1 Rxc1+ 30. Kh2 Rc4 31. f4 d4 32. h5 Kg7 33. Rd3 Qh8 34. Qh4 Qxh5 35. Qxh5 gxh5 36. Kg3 Kg6 37. Kh4 Kf5 38. g3 Rc2 39. Rxd4 Rh2# 0-1

[Event "*** Titled Tuesday Blitz"]
[Site "Chess.com"]
[Date "2020.05.26"]
[Round "10"]
[White "SlavenPastar"]
[Black "lelya96"]
[Result "1-0"]
[WhiteElo "2391"]
[BlackElo "2263"]
[TimeControl "180+1"]
[EndTime "12:02:06 PDT"]
[Termination "SlavenPastar won by resignation"]

1. d4 Nf6 2. c4 e6 3. Nc3 Bb4 4. e3 b6 5. Bd3 Bb7 6. f3 d5 7.
cxd5 exd5 8. Ne2 O-O 9. O-O Re8 10. Qe1 c5 11. Qf2 cxd4 12. exd4 Nbd7 13. Bg5 h6 14. Bh4 Nf8 15. Rac1 Ne6 16. g4 Be7 17. Bb1 Rf8 18. Qe3 Nxg4 19. Qd3 g6 20. Bxe7 Qxe7 21.
fxg4 Qg5 22. Qg3 Ba6 23. h4 Qe7 24. Rfe1 Rfd8 25. Nf4 Qf6 26. Nxe6 fxe6 27. Rcd1 Rf8 28. Bd3 Qxd4+ 29. Kg2 Bxd3 30. Rxd3 Qf6 31. Rf3 Qxf3+ 32. Qxf3 Rxf3 33. Kxf3 Rf8+ 34. Kg3 Kf7 35. Rf1+ Ke7 36. Rxf8 Kxf8 37. Kf4 Ke7 38. Ke5 Kd7 39. Ne2 Ke7 40. Nd4 1-0

[Event "*** Titled Tuesday Blitz"]
[Site "Chess.com"]
[Date "2020.05.26"]
[Round "10"]
[White "Kirill_Klukin"]
[Black "Gennady_Kozlov"]
[Result "1-0"]
[WhiteElo "2713"]
[BlackElo "2568"]
[TimeControl "180+1"]
[EndTime "12:02:07 PDT"]
[Termination "Kirill_Klukin won by resignation"]

1. d4 e6 2. Nf3 Nf6 3. e3 Be7 4. Bd3 O-O 5. O-O b6 6. c4 Bb7 7. Nc3 d5 8. cxd5 exd5 9. b3 c5 10. Bb2 Nc6 11. Rc1 Rc8 12. Bf5 Rb8 13. dxc5 bxc5 14.
Na4 Ba6 15. Re1 Ne4 16. Nd2 Nd6 17. Nxc5 Nxf5 18. Nxa6 Rb6 19. Nc5 Bxc5 20. Rxc5 Qd6 21. Rc1 Nb4 22. Qg4 Qg6 23. Qxg6 Rxg6 24. Ba3 Nxa2 25.
Ra1 Nc3 26. Bxf8 Kxf8 27. Rxa7 h5 28. Nf3 h4 29. h3 Rb6 30. Ne5 Kg8 31. Ra8+ Kh7 32.
Nxf7 Rxb3 33. Ng5+ Kg6 34. Nf3 Rb4 35. Ra6+ Kf7 36.
Rc6 Ne4 37. Rec1 Rb2 38. R6c2 Rb3 39. Rc7+ Ke6 40. R1c6+ Ned6 41. Ng5+ Kf6 42. Nf7 Ng3 43.
Rxd6+ Kf5 44. fxg3 hxg3 45. Rc1 1-0

[Event "*** Titled Tuesday Blitz"]
[Site "Chess.com"]
[Date "2020.05.26"]
[Round "10"]
[White "RitvarsReimanis"]
[Black "IMinTheWings"]
[Result "1-0"]
[WhiteElo "2499"]
[BlackElo "2157"]
[TimeControl "180+1"]
[EndTime "12:02:07 PDT"]
[Termination "RitvarsReimanis won on time"]

1. d4 Nf6 2. c4 e6 3. Nf3 c5 4. d5 b5 5. cxb5 exd5 6. a4 Be7 7. g3 O-O 8. Bg2 Bb7 9. Bg5 d6 10. Qc2 Nbd7 11. O-O h6 12. Bxf6 Nxf6 13. Rd1 d4 14. b4 a6 15. bxc5 dxc5 16. bxa6 Rxa6 17.
Na3 Qa8 18. Nb5 Rc8 19. Bh3 Bxf3 20. exf3 Rcc6 21. f4 Qd8 22. Bg2 Rcb6 23. Qc4 Ra5 24. Re1 Bf8 25. Bf3 Qd7 26. Kg2 Ne8 27. Rad1 Nd6 28.
Qxc5 Nxb5 29. Qxb6 Qa7 30. Qxa7 Nxa7 31. Rxd4 Bc5 32.
Rc4 1-0

[Event "*** Titled Tuesday Blitz"]
[Site "Chess.com"]
[Date "2020.05.26"]
[Round "10"]
[White "IAgrest"]
[Black "CzechmVIII"]
[Result "0-1"]
[WhiteElo "2242"]
[BlackElo "2165"]
[TimeControl "180+1"]
[EndTime "12:02:07 PDT"]
[Termination "CzechmVIII won by resignation"]

1. e4 c5 2. Nf3 d6 3. d4 cxd4 4. Nxd4 Nf6 5. Nc3 g6 6. Be3 Bg7 7. f3 Nc6 8. Qd2 O-O 9. Bc4 Bd7 10. Bb3 Rc8 11. h4 h5 12. O-O-O Ne5 13. g3 b5 14. g4 b4 15. Nce2 hxg4 16. h5 Nxh5 17.
Bh6 e6 18. fxg4 Nxg4 19. Bxg7 Kxg7 20. Rdg1 Nhf6 21. Ng3 Rh8 22. Rxh8 Qxh8 23. Rh1 Qf8 24. Qxb4 Qe7 25. a3 Nf2 26. Qe1 Nd3+ 0-1

[Event "*** Titled Tuesday Blitz"]
[Site "Chess.com"]
[Date "2020.05.26"]
[Round "10"]
[White "CraiggoryC"]
[Black "WiktoriaPOL"]
[Result "0-1"]
[WhiteElo "2076"]
[BlackElo "2008"]
[TimeControl "180+1"]
[EndTime "12:02:08 PDT"]
[Termination "WiktoriaPOL won on time"]

1. e4 c5 2. Nf3 d6 3. d4 cxd4 4. Nxd4 Nf6 5. Nc3 a6 6. f3 e5 7. Nb3 Be6 8. Be3 Nbd7 9. Qd2 Be7 10. O-O-O b5 11. g4 Nb6 12. Na5 Qc7 13. g5 Nfd7 14. Nd5 Bxd5 15. exd5 O-O 16. Nc6 Bd8 17. f4 exf4 18.
Bxf4 Rc8 19. Bg2 Nc4 20. Qc3 Ndb6 21. h4 Na4 22. Qg3 Naxb2 23. Bxd6 Nxd6 24. h5 Ndc4 25.
d6 Qd7 26. h6 g6 0-1

[Event "*** Titled Tuesday Blitz"]
[Site "Chess.com"]
[Date "2020.05.26"]
[Round "10"]
[White "Gareth-Bale11"]
[Black "stolencandy13"]
[Result "1-0"]
[WhiteElo "2755"]
[BlackElo "2583"]
[TimeControl "180+1"]
[EndTime "12:02:10 PDT"]
[Termination "Gareth-Bale11 won by resignation"]

1. g3 f5 2. Bg2 Nf6 3. d3 e6 4. e4 Be7 5. exf5 exf5 6. Nf3 O-O 7. O-O c6 8. Re1 d5 9. c4 Na6 10. Nc3 Nc7 11. Qb3 Kh8 12. Bf4 Bd6 13. Bg5 dxc4 14.
dxc4 Ne6 15. Rad1 Qc7 16. Bc1 Nc5 17. Qc2 a5 18. Nd4 f4 19. Ndb5 cxb5 20. Nxb5 fxg3 21. Nxc7 gxf2+ 22. Qxf2 Bxh2+ 23. Kh1 Bxc7 24. Qxc5 Rf7 25. Qxc7 Rxc7 26. Rd8+ Ng8 27. Ree8 Be6 28. Rxa8 Bf7 29. Rf8 g6 30. Bh6 Bxc4 31. b3 Be6 32. Bf4 Rc5 33. Be3 Rh5+ 34. Kg1 Rh4 35. Bf2 Rg4 36. Kf1 Kg7 37.
Bh3 Re4 38. Bxe6 1-0

[Event "*** Titled Tuesday Blitz"]
[Site "Chess.com"]
[Date "2020.05.26"]
[Round "10"]
[White "Justinz"]
[Black "StephenDedalus83"]
[Result "1-0"]
[WhiteElo "2364"]
[BlackElo "2700"]
[TimeControl "180+1"]
[EndTime "12:02:16 PDT"]
[Termination "Justinz won by resignation"]

1. e4 c5 2. Nf3 Nc6 3. d4 cxd4 4. Nxd4 Qc7 5. Nc3 e6 6. Be2 a6 7. O-O Nf6 8. Be3 Be7 9. f4 d6 10. Qe1 O-O 11. Qg3 Nxd4 12. Bxd4 b5 13. a3 Bb7 14. Bf3 Rad8 15. Rad1 Rfe8 16. Kh1 g6 17. f5 e5 18.
Be3 Qc4 19. Bg5 Nxe4 20. Bxe4 Bxe4 21. Bxe7 Rxe7 22. f6 Re6 23. Qe3 Bxc2 24. Rc1 Kh8 25. Qh6 Rg8 26. Rf3 g5 27. Rxc2 g4 28. Rff2 Qd3 29.
Rcd2 Qc4 30. Kg1 e4 31. Qe3 Rg6 32. g3 h6 33. Rd4 Qc6 34. Nd5 Qc5 35. Nf4 Rexf6 36.
Nxg6+ Rxg6 37. Rxe4 Qxe3 38. Rxe3 Kg7 39. Re7 1-0

[Event "*** Titled Tuesday Blitz"]
[Site "Chess.com"]
[Date "2020.05.26"]
[Round "10"]
[White "ErikBlomqvist"]
[Black "mjray79"]
[Result "1-0"]
[WhiteElo "2473"]
[BlackElo "2299"]
[TimeControl "180+1"]
[EndTime "12:02:19 PDT"]
[Termination "ErikBlomqvist won by resignation"]

1. e4 e5 2. Nf3 Nc6 3. Bb5 a6 4.
Ba4 Nf6 5. O-O Be7 6. Re1 b5 7. Bb3 d6 8. a4 b4 9. d4 Bg4 10. dxe5 dxe5 11. Qxd8+ Rxd8 12. Nbd2 a5 13. h3 Bh5 14. Bc4 O-O 15. Bd3 Bc5 16. g4 Bg6 17.
Nc4 Nd7 18. Nh4 Be7 19. Nxg6 fxg6 20. Ne3 Bh4 21. Rf1 Nc5 22. Bc4+ Kh8 23. f3 Nd4 24.
Kg2 Nce6 25. Bxe6 Nxe6 26. Nc4 Nd4 27. c3 Nb3 28. Rb1 Rfe8 29. Be3 h5 30. g5 Kg8 31. Rbd1 Kf7 32. Nxe5+ Ke6 33. Nxg6 1-0

[Event "*** Titled Tuesday Blitz"]
[Site "Chess.com"]
[Date "2020.05.26"]
[Round "10"]
[White "wild_cat99"]
[Black "Semen_Khanin"]
[Result "1-0"]
[WhiteElo "2584"]
[BlackElo "2694"]
[TimeControl "180+1"]
[EndTime "12:02:20 PDT"]
[Termination "wild_cat99 won by resignation"]

1. Nf3 Nf6 2. c4 g6 3. Nc3 Bg7 4. d4 d5 5. cxd5 Nxd5 6. e4 Nxc3 7. bxc3 c5 8. Be3 Qa5 9. Qd2 O-O 10. Be2 Nc6 11.
e5 Rd8 12. Rd1 Nxe5 13. Nxe5 Bxe5 14. O-O cxd4 15. cxd4 Qxd2 16. Rxd2 Bf6 17. Bf3 Be6 18. d5 Bf5 19. g4 Bd7 20. d6 exd6 21. Bxb7 Rab8 22.
g5 Be5 23. Bg2 Be6 24. f4 Bc3 25. Rc2 Ba5 26. Bxa7 Bb6+ 27. Bxb6 Rxb6 28. Ra1 d5 29. a4 d4 30. a5 d3 31. Rd2 Ra6 32. Bb7 Ra7 33. a6 Bf5 34. Kf2 Rd4 35. Ke3 Rb4 36. Ra5 Kg7 37. h4 Rbxb7 38. axb7 Rxb7 39. Rd5 Rb4 40. Rd8 Re4+ 41. Kf3 Re1 42. Ra2 Rh1 43. Raa8 Rh3+ 44.
Kg2 Be4+ 45. Kxh3 Bxa8 46. Rxa8 1-0

[Event "*** Titled Tuesday Blitz"]
[Site "Chess.com"]
[Date "2020.05.26"]
[Round "10"]
[White "MuhittinBuker"]
[Black "Titus369"]
[Result "0-1"]
[WhiteElo "1892"]
[BlackElo "2585"]
[TimeControl "180+1"]
[EndTime "12:02:20 PDT"]
[Termination "Titus369 won by resignation"]

1. d4 d5 2. c4 e6 3. Nc3 Nf6 4. Nf3 Be7 5. Bg5 h6 6. Bxf6 Bxf6 7. cxd5 exd5 8. e3 O-O 9. Bd3 c6 10. Qc2 Bg4 11. Nd2 Re8 12. O-O Nd7 13. b4 a5 14.
a3 Nf8 15. b5 g6 16. Rab1 Rc8 17. Rfc1 c5 18. Qa4 cxd4 19. exd4 Bg5 20. Qc2 Qf6 21. h3 Be6 22. Nf3 Bxc1 23. Qxc1 Kg7 24. Qd2 Red8 25.
Na4 Bxh3 26. b6 Bf5 27. Nc5 Bxd3 28. Qxd3 Qe7 29. Qd2 Ne6 30. Re1 Rd6 31. Qxa5 Qf6 32. Nxe6+ Rxe6 33. Qxd5 Rxe1+ 34. Nxe1 Rc1 35. Kf1 Qxb6 36.
Qe5+ Qf6 37. Qxf6+ Kxf6 38. Ke2 Ra1 39. Nc2 Rc1 40.
Kd2 Rg1 41. Ne3 h5 42. d5 Ke5 43. g3 Ra1 44. Nc2 Ra2 45. Kc3 g5 46. Kb3 Rxc2 47.
Kxc2 h4 48. gxh4 gxh4 49. Kd3 h3 0-1

[Event "*** Titled Tuesday Blitz"]
[Site "Chess.com"]
[Date "2020.05.26"]
[Round "10"]
[White "Supernotar"]
[Black "FMalexhdez"]
[Result "1-0"]
[WhiteElo "2703"]
[BlackElo "2079"]
[TimeControl "180+1"]
[EndTime "12:02:22 PDT"]
[Termination "Supernotar won by resignation"]

1. d4 Nf6 2. c4 e6 3. Nf3 Bb4+ 4. Nbd2 d5 5. e3 O-O 6. Bd3 c5 7. dxc5 Nbd7 8. a3 Nxc5 9. Bc2 Bxd2+ 10. Qxd2 dxc4 11.
O-O Nfe4 12. Qe2 b5 13. a4 bxa4 14. Bxe4 Nxe4 15. Qxc4 Bb7 16. Qxa4 Qf6 17. Qd4 Qxd4 18. Nxd4 e5 19. Nb5 a6 20. Nc3 Rfd8 21. Nxe4 Bxe4 22.
b4 Rab8 23. Bb2 Rxb4 24. Bxe5 Bb7 25. Rfb1 a5 26. Bd4 Rxb1+ 27. Rxb1 Be4 28. Ra1 Ra8 29. f3 a4 30. fxe4 1-0

[Event "*** Titled Tuesday Blitz"]
[Site "Chess.com"]
[Date "2020.05.26"]
[Round "10"]
[White "davidkalashian"]
[Black "KuzubovYuriy"]
[Result "1-0"]
[WhiteElo "2622"]
[BlackElo "2749"]
[TimeControl "180+1"]
[EndTime "12:02:23 PDT"]
[Termination "davidkalashian won by resignation"]

1. d4 g6 2. c4 Bg7 3. Nc3 d6 4. e4 Nc6 5. Be3 e5 6. d5 Nce7 7. f3 f5 8. Bd3 f4 9. Bf2 Nf6 10. c5 O-O 11. Nge2 Kh8 12. Rc1 g5 13. h3 Rg8 14. a3 Ng6 15. cxd6 cxd6 16. Nb5 Ne8 17.
Qc2 Bd7 18. b4 a6 19. Nbc3 Nh4 20. Kf1 b5 21. Qd2 Bf8 22. Rc2 Ng6 23. Nc1 a5 24. Nb3 axb4 25. axb4 Ra3 26. Na5 Nc7 27. Ke2 Nh4 28. Bb6 Nxg2 29. Nb1 g4 30. hxg4 Bxg4 31. Rxc7 Bxf3+ 32. Kf2 Rg7 33. Rxh7+ Kxh7 34. Rxg7+ Kxg7 35. Bxd8 1-0

[Event "*** Titled Tuesday Blitz"]
[Site "Chess.com"]
[Date "2020.05.26"]
[Round "10"]
[White "Andreikka"]
[Black "chessdjw"]
[Result "1-0"]
[WhiteElo "2923"]
[BlackElo "2714"]
[TimeControl "180+1"]
[EndTime "12:02:24 PDT"]
[Termination "Andreikka won by checkmate"]

1. c4 c5 2. Nf3 Nf6 3. Nc3 d5 4.
cxd5 Nxd5 5. e3 e6 6. Nxd5 exd5 7. b4 cxb4 8. Bb2 Nc6 9. Bd3 Bd6 10. Qc2 Qe7 11. O-O Bg4 12. Nd4 Nxd4 13. Bxd4 Bd7 14. f4 Rc8 15. Qb1 f6 16. Bxh7 Be6 17. Bg6+ Bf7 18.
Qf5 Rc6 19. Rf3 Bxg6 20. Qxg6+ Qf7 21. Qf5 Rh5 22. Qd3 a6 23. Re1 Kf8 24. Rg3 b5 25. Rg6 Rc4 26. g4 Rh4 27. Qf5 a5 28. Bxf6 gxf6 29. Rxf6 Rxg4+ 30. Kh1 Rg7 31. Rxf7+ Rxf7 32. Qxd5 Be7 33. Qxb5 Rc2 34. Qb8+ Kg7 35. Rg1+ Kf6 36. Qe5# 1-0

[Event "*** Titled Tuesday Blitz"]
[Site "Chess.com"]
[Date "2020.05.26"]
[Round "10"]
[White "eljanov"]
[Black "VitaliyBernadskiy"]
[Result "0-1"]
[WhiteElo "2851"]
[BlackElo "2721"]
[TimeControl "180+1"]
[EndTime "12:02:24 PDT"]
[Termination "VitaliyBernadskiy won by resignation"]

1. Nf3 g6 2. d4 Bg7 3. c4 c5 4.
d5 b5 5. cxb5 a6 6. bxa6 Bxa6 7.
Nc3 Nf6 8. e4 Bxf1 9. Kxf1 O-O 10.
g3 e6 11. Kg2 Na6 12. e5 Nxd5 13. Nxd5 exd5 14. Qxd5 Qb6 15. b3 Nb4 16. Qd2 Qb7 17. Re1 d6 18. Bb2 dxe5 19. Bxe5 Rad8 20. Qe2 Bxe5 21.
Qxe5 Nd3 22. Qf6 Nxe1+ 23. Rxe1 Rfe8 24. Rc1 Rd2 25. Rxc5 Ree2 26. Re5 Rxf2+ 27. Kh3 Qd7+ 28. g4 Rd3 29. Kh4 Rfxf3 0-1

[Event "*** Titled Tuesday Blitz"]
[Site "Chess.com"]
[Date "2020.05.26"]
[Round "10"]
[White "Kensei26"]
[Black "Gromes7"]
[Result "0-1"]
[WhiteElo "2212"]
[BlackElo "2020"]
[TimeControl "180+1"]
[EndTime "12:02:24 PDT"]
[Termination "Gromes7 won by resignation"]

1. e4 c5 2. Nc3 d6 3. Nge2 Nc6 4. d4 cxd4 5. Nxd4 Nf6 6. Bg5 e6 7. Qd2 Be7 8. O-O-O O-O 9. f4 Nxd4 10. Qxd4 Qa5 11. Kb1 Rd8 12. Bc4 Bd7 13. e5 dxe5 14. Qxe5 Qxe5 15.
fxe5 Nd5 16. Bxe7 Nxe7 17. g3 Rac8 18. Bb3 Ng6 19. Rhe1 Bc6 20. Rd6 Rd7 21. a4 Nxe5 22. Rxe6 Ng6 23. Re8+ Rxe8 24. Rxe8+ Nf8 25. Re5 Rd2 26. Re2 Rxe2 27. Nxe2 Ne6 28. a5 Nc5 29. Bc4 Ne4 30. a6 Nd2+ 31. Kc1 Nxc4 32. Nd4 Na5 33. b4 Nc4 34. b5 Bd5 35. b6 bxa6 36. bxa7 Na5 37. c4 Ba8 38. c5 Nc6 39. Nf5 Nxa7 40.
Kd2 Kf8 41. Kc3 g6 42. Nd6 Nb5+ 43. Nxb5 axb5 44. Kb4 Bc6 45. h4 Ke7 46. g4 h5 47.
g5 f6 48. Kc3 fxg5 49. hxg5 h4 50. Kd4 h3 51. Ke5 h2 52. Kf4 h1=Q 0-1

[Event "*** Titled Tuesday Blitz"]
[Site "Chess.com"]
[Date "2020.05.26"]
[Round "10"]
[White "Sam_ChessMood"]
[Black "ClassyEl"]
[Result "1-0"]
[WhiteElo "2851"]
[BlackElo "2621"]
[TimeControl "180+1"]
[EndTime "12:02:25 PDT"]
[Termination "Sam_ChessMood won by resignation"]

1. e4 d6 2. d4 Nf6 3. Nc3 c6 4.
f4 Qa5 5. Bd3 e5 6. Nf3 Bg4 7.
Be3 Qb6 8. Ne2 Bxf3 9. gxf3 Nbd7 10. O-O d5 11. c3 dxe4 12. fxe4 Ng4 13. Bd2 exd4 14. cxd4 O-O-O 15. Kh1 c5 16. Nc3 f5 17. e5 cxd4 18. Nd5 Qh6 19. Qe2 Kb8 20. Bxf5 Ne3 21. Nxe3 dxe3 22. Bxe3 Bc5 23. Rad1 Bxe3 24. Qxe3 Nb6 25.
e6 Rde8 26. Rd4 g6 27. Bg4 Qh4 28. Bf3 Re7 29. Qe5+ 1-0

[Event "*** Titled Tuesday Blitz"]
[Site "Chess.com"]
[Date "2020.05.26"]
[Round "10"]
[White "agrigo3"]
[Black "HouseOfDurin"]
[Result "1-0"]
[WhiteElo "2259"]
[BlackElo "2042"]
[TimeControl "180+1"]
[EndTime "12:02:25 PDT"]
[Termination "agrigo3 won on time"]

1. Nf3 c5 2. g3 Nc6 3. Bg2 e5 4.
d3 g6 5. O-O Bg7 6. e4 Nge7 7.
Nbd2 O-O 8. Nc4 d5 9. exd5 Nxd5 10.
Re1 f6 11. c3 b5 12. Ne3 Nde7 13. Qb3+ Kh8 14. Qxb5 Rb8 15. Qxc5 Qxd3 16. Rd1 Qe2 17. Qc4 Qxc4 18. Nxc4 Ba6 19. Bf1 e4 20. Nd4 Rfd8 21. Be3 Bxc4 22. Bxc4 Rxb2 23. Ne6 Rxd1+ 24. Rxd1 f5 25.
Nxg7 Kxg7 26. Rd7 Kf6 27. Rd6+ Kg7 28. Kg2 Rc2 29. Bb3 Rxc3 30. h4 h6 31. Rd7 Kf6 32. Bxh6 Ne5 33. Bg5+ Kg7 34. Rxe7+ Kf8 35. Rxe5 1-0

[Event "*** Titled Tuesday Blitz"]
[Site "Chess.com"]
[Date "2020.05.26"]
[Round "10"]
[White "RaunakSadhwani2005"]
[Black "Spartakus1975"]
[Result "0-1"]
[WhiteElo "2827"]
[BlackElo "2709"]
[TimeControl "180+1"]
[EndTime "12:02:26 PDT"]
[Termination "Spartakus1975 won by resignation"]

1. e4 e6 2. d4 d5 3. Nc3 Nf6 4. e5 Nfd7 5. f4 c5 6. Nf3 Nc6 7. Be3 Be7 8. Qd2 O-O 9. Be2 f6 10. exf6 Nxf6 11. dxc5 b6 12. Bb5 bxc5 13. Bxc6 Rb8 14.
Bf2 Ba6 15. a4 Rxb2 16. Bb5 Bxb5 17. axb5 d4 18. Ne2 Ne4 19. Qd3 Nd6 20. O-O Bf6 21.
c4 dxc3 22. Bxc5 Nxb5 23. Qc4 Qd5 24. Qxd5 exd5 25. Bxf8 Rxe2 26. Bc5 d4 27. Ne5 h5 28. Ra5 a6 29. Rxa6 c2 30. Ra5 Bxe5 31. Rxb5 d3 32. Ba3 Bd4+ 33. Kh1 d2 0-1

[Event "*** Titled Tuesday Blitz"]
[Site "Chess.com"]
[Date "2020.05.26"]
[Round "10"]
[White "Raja3401"]
[Black "Vaathi_Coming"]
[Result "0-1"]
[WhiteElo "2723"]
[BlackElo "2864"]
[TimeControl "180+1"]
[EndTime "12:02:27 PDT"]
[Termination "Vaathi_Coming won by resignation"]

1. e4 c5 2. Nf3 Nc6 3. Bb5 g6 4. O-O Bg7 5. Bxc6 dxc6 6. d3 e5 7. h3 Qe7 8. a3 a5 9. Be3 Nf6 10. Nbd2 Nd7 11. c3 O-O 12. Qc2 b6 13. Rfe1 Ba6 14. d4 Rfd8 15. Bg5 f6 16. Be3 Rac8 17. b4 exd4 18. cxd4 cxd4 19. Bxd4 c5 20. bxc5 Nxc5 21. e5 f5 22. Qa2+ Kh8 23. Rac1 h6 24. Bxc5 Rxc5 25. Rxc5 bxc5 26. Qc2 c4 27. Qc3 Qc5 28. Nh4 Rd3 29.
Qb2 Kh7 30. Qb8 Rxd2 31. Qe8 Qxf2+ 0-1

[Event "*** Titled Tuesday Blitz"]
[Site "Chess.com"]
[Date "2020.05.26"]
[Round "10"]
[White "chess94cu"]
[Black "Tlerus"]
[Result "0-1"]
[WhiteElo "2452"]
[BlackElo "2590"]
[TimeControl "180+1"]
[EndTime "12:02:27 PDT"]
[Termination "Tlerus won by resignation"]

1. d4 Nf6 2. c4 e5 3. dxe5 Ne4 4. Nf3 Bb4+ 5. Nbd2 Nc6 6. Qc2 d5 7. a3 Bxd2+ 8.
Bxd2 Bf5 9. Qb3 Nxd2 10. Nxd2 Nd4 11. Qa4+ b5 12. cxb5 Nc2+ 13. Kd1 Nxa1 14. e4 Bxe4 15.
b6+ Qd7 16. Qxd7+ Kxd7 17. Nxe4 dxe4 18. Bc4 axb6 19. Kc1 Ke7 20. Kb1 Ra5 21. Kxa1 Rxe5 22. Re1 f5 23. Kb1 Rd8 24. Kc2 Rc5 25. Kb3 Rd2 26. Re2 Rxe2 27. Bxe2 g5 28. a4 Kd6 29. Bb5 c6 30. Bc4 b5 31. axb5 cxb5 32. Be2 Kc6 33. g3 Kb6 34. Bh5 f4 35. gxf4 gxf4 36. Be2 e3 37.
fxe3 fxe3 38. h4 Rd5 39. Kc3 Rd2 40. Bg4 Rg2 41. Bf5 Rh2 42. Bxh7 Rxh4 43. Bd3 Kc5 44.
b3 b4+ 45. Kc2 Kd4 46. Bc4 Rh2+ 47. Kd1 Kc3 48. Ke1 Rd2 49. Bf7 Kd4 50. Bg8 Rb2 51.
Kd1 Ke5 52. Ke1 Kd4 53. Kd1 Kc3 54. Be6 Rxb3 55. Ke2 Kc2 56. Bxb3+ Kxb3 57. Kxe3 Kc2 58. Kd4 b3 0-1

[Event "*** Titled Tuesday Blitz"]
[Site "Chess.com"]
[Date "2020.05.26"]
[Round "10"]
[White "DACF2905"]
[Black "Zmeeed63"]
[Result "1-0"]
[WhiteElo "2267"]
[BlackElo "2221"]
[TimeControl "180+1"]
[EndTime "12:02:27 PDT"]
[Termination "DACF2905 won by resignation"]

1. c4 e6 2. d4 d5 3. cxd5 exd5 4. Nc3 c6 5. Bf4 Bf5 6. e3 Nf6 7. Nf3 Bd6 8. Ne5 O-O 9. g4 Bxe5 10. dxe5 Nxg4 11.
h3 Qh4 12. Qf3 Nh6 13. Bxh6 Qxh6 14. Qxf5 Rd8 15. Qf4 Qe6 16. O-O-O Nd7 17. Rg1 Nxe5 18. Qg3 g6 19. h4 b5 20. Bh3 Qe7 21. h5 b4 22. Ne2 b3 23. a3 Nc4 24. hxg6 hxg6 25.
Nd4 Qc5 26. Be6 Nxe3+ 27. Kd2 Qxd4+ 28. Ke2 Nxd1 29. Qxg6+ 1-0

[Event "*** Titled Tuesday Blitz"]
[Site "Chess.com"]
[Date "2020.05.26"]
[Round "10"]
[White "BJthechessgod"]
[Black "mr65"]
[Result "1/2-1/2"]
[WhiteElo "2118"]
[BlackElo "2166"]
[TimeControl "180+1"]
[EndTime "12:02:27 PDT"]
[Termination "Game drawn by repetition"]

1. e4 e5 2. Nf3 Nc6 3. Bc4 Nf6 4. d3 Bc5 5. c3 Bb6 6. O-O O-O 7. Nbd2 d5 8. exd5 Nxd5 9. a4 a6 10. Re1 Nf4 11. Ne4 Bf5 12. Bxf4 exf4 13. Qd2 Bxe4 14. Rxe4 Na5 15. Rxf4 Nxc4 16. Rxc4 Qd5 17. Re1 Rfe8 18.
Rce4 Rxe4 19. Rxe4 Rd8 20. Qe2 g6 21. Re8+ Rxe8 22. Qxe8+ Kg7 23. Qe5+ Qxe5 24. Nxe5 Bc5 25. Kf1 b5 26. axb5 axb5 27. Ke2 Bd6 28. Nf3 h5 29. d4 f5 30. Kd3 Kf6 31. h4 c6 32. c4 Bf4 33. b3 Bc1 34. Kc3 Ba3 35.
d5 cxd5 36. cxb5 Bc5 37. Nd4 Ke5 38. Nf3+ Kd6 39. Nd4 Ke5 40. Nc6+ Kd6 41. Nd4 Ke5 1/2-1/2

[Event "*** Titled Tuesday Blitz"]
[Site "Chess.com"]
[Date "2020.05.26"]
[Round "10"]
[White "bsnsun"]
[Black "BIG_Pirate"]
[Result "0-1"]
[WhiteElo "2449"]
[BlackElo "2336"]
[TimeControl "180+1"]
[EndTime "12:02:28 PDT"]
[Termination "BIG_Pirate won by resignation"]

1. Nf3 d5 2. g3 c6 3. Bg2 Bf5 4. c4 e6 5. cxd5 cxd5 6. O-O Nc6 7. d3 Nf6 8. Nc3 Be7 9. Qb3 Qb6 10.
Be3 Qxb3 11. axb3 O-O 12. Nd4 Nxd4 13. Bxd4 a6 14. Rfc1 Rac8 15. e4 dxe4 16. dxe4 Bg6 17. e5 Nd5 18. Bxd5 exd5 19. Nxd5 Bg5 20. f4 Rcd8 21.
Rc5 Be4 22. fxg5 Bxd5 23. b4 Bc6 24. Be3 Rd3 25. Kf2 Rb3 26. Bd4 Rxb4 27. Bc3 Re4 28. Rd1 Re8 29. h4 h6 30. gxh6 gxh6 31. Rd2 Kh7 32.
b3 Kg6 33. Rc4 Rxc4 34. bxc4 h5 35. Ke3 Kf5 36. Rf2+ Kg4 37. Rxf7 Kxg3 38. Be1+ Kh3 39. Kf4 Rd8 40. e6 Rd4+ 41. Ke5 Re4+ 42. Kd6 Rxe1 43. Rf4 a5 44. c5 a4 45. e7 a3 46. Rf2 Kxh4 47.
Ra2 Re3 48. Rh2+ Kg4 49. Ra2 h4 50. Rd2 h3 51. Rh2 Kg3 0-1

[Event "*** Titled Tuesday Blitz"]
[Site "Chess.com"]
[Date "2020.05.26"]
[Round "10"]
[White "gena217"]
[Black "platy3"]
[Result "1-0"]
[WhiteElo "2861"]
[BlackElo "2718"]
[TimeControl "180+1"]
[EndTime "12:02:31 PDT"]
[Termination "gena217 won by resignation"]

1. e4 e5 2. Nf3 Nc6 3. Bc4 Bc5 4. O-O Nf6 5. d3 d6 6. c3 O-O 7. a4 a6 8. Re1 h6 9. Nbd2 Ba7 10. Nf1 Ne7 11. Ng3 Ng6 12. h3 Be6 13. Bxe6 fxe6 14. d4 exd4 15. cxd4 d5 16. e5 Nd7 17. Qd3 Nh4 18. Nh2 c5 19. Be3 Nf5 20. Nxf5 Rxf5 21. Nf3 Qe7 22. dxc5 Nxc5 23. Qa3 Qf8 24. Rac1 Ne4 25.
Qxf8+ Rfxf8 26. Bxa7 Rxa7 27. Rc7 Rf7 28. Rc8+ Kh7 29.
Nd4 Re7 30. h4 Kg6 31. g4 Kf7 32. f3 Nd2 33. b3 1-0

[Event "*** Titled Tuesday Blitz"]
[Site "Chess.com"]
[Date "2020.05.26"]
[Round "10"]
[White "korbul"]
[Black "Grandelicious"]
[Result "0-1"]
[WhiteElo "2618"]
[BlackElo "2807"]
[TimeControl "180+1"]
[EndTime "12:02:31 PDT"]
[Termination "Grandelicious won by resignation"]

1. d4 d5 2. c4 e6 3. Nf3 a6 4. cxd5 exd5 5. Bf4 Bd6 6. Bxd6 Qxd6 7. e3 Nf6 8. Nc3 O-O 9. Be2 Bf5 10. O-O Nbd7 11. a3 c6 12. Rc1 Ne4 13. Nxe4 Bxe4 14. Nd2 Bg6 15. Qb3 Rab8 16. Bd3 Rfe8 17. Bxg6 hxg6 18. Qc3 g5 19. b4 g4 20. f3 gxf3 21. Rxf3 Nf6 22.
Rcf1 Ng4 23. g3 Qh6 24. h4 Rxe3 25. Rxe3 Qxe3+ 26. Qxe3 Nxe3 27. Rf3 Re8 28. Nb3 Nc4 29.
Nc5 Nd6 30. Kf1 f6 31. a4 b6 32. Nb3 Nc4 33. Kf2 a5 34. bxa5 bxa5 35. Nc5 Rb8 36. Rb3 Rxb3 37. Nxb3 Kf7 38. Kf3 Ke6 39. g4 Kd6 40. Kf4 Nb6 41. Kf5 Nxa4 42. Kg6 c5 43. dxc5+ Nxc5 44. Nxc5 Kxc5 45. Kxg7 a4 46. h5 a3 47. h6 a2 48. h7 a1=Q 49. h8=Q f5+ 50. Kh7 Qxh8+ 51. Kxh8 fxg4 0-1